A+ CENTRAL
FORT WAYNE TINCAPS @ LANSING LUGNUTS
05/04/2042
 
TOP OF THE 1ST
Fort Wayne TinCaps batting - Pitching for Lansing Lugnuts : RHP Jonathan McNeal
Pitching: RHP Jonathan McNeal
Batting: SHB Max Bowers 0-0: Foul Ball, location: 2F
0-1: Fly out, F9 (Line Drive, 9S, EV 93.8 MPH)
Batting: RHB Renaud Cotichini 0-0: Foul Ball, location: 9LSF
0-1: Ball
1-1: Ground out 4-3 (Groundball, 4M, EV 95.0 MPH)
Batting: RHB Anastasio Zambrano 0-0: Ball
1-0: Ball
2-0: Swinging Strike
2-1: Called Strike
2-2: Foul Ball, location: 5F
2-2: Strikes out swinging
Top of the 1st over - 0 runs, 0 hits, 0 errors, 0 left on base; Fort Wayne 0 - Lansing 0
BOTTOM OF THE 1ST
Lansing Lugnuts batting - Pitching for Fort Wayne TinCaps : RHP Bob Wilhelm
Pitching: RHP Bob Wilhelm
Batting: LHB Al Lee 0-0: Ball
1-0: Swinging Strike
1-1: Ground out 5-3 (Groundball, 56, EV 81.3 MPH)
Batting: RHB Ian Campbell 0-0: Called Strike
0-1: Ball
1-1: Foul Ball, location: 3SF
1-2: Ground out 2-3 (Groundball, 2R, EV 68.8 MPH)
Batting: RHB Bob Hines 0-0: Ball
1-0: Ball
2-0: Ball
3-0: Called Strike
3-1: Called Strike
3-2: Ground out 6-3 (Groundball, 6, EV 89.4 MPH)
Bottom of the 1st over - 0 runs, 0 hits, 0 errors, 0 left on base; Fort Wayne 0 - Lansing 0
TOP OF THE 2ND
Fort Wayne TinCaps batting - Pitching for Lansing Lugnuts : RHP Jonathan McNeal
Batting: RHB Rod Roberts 0-0: Called Strike
0-1: Called Strike
0-2: Strikes out swinging
Batting: RHB Tomás Aguilar 0-0: Foul Ball, location: 3F
0-1: Fly out, F8 (Line Drive, 8RM, EV 88.8 MPH)
Batting: RHB Joe King 0-0: Foul Ball, location: 2F
0-1: SINGLE (Line Drive, 89M, EV 102.5 MPH)
Batting: LHB Charlie Fritz 0-0: Ball
1-0: Fly out, F8 (Line Drive, 78M, EV 92.5 MPH)
Top of the 2nd over - 0 runs, 1 hit, 0 errors, 1 left on base; Fort Wayne 0 - Lansing 0
BOTTOM OF THE 2ND
Lansing Lugnuts batting - Pitching for Fort Wayne TinCaps : RHP Bob Wilhelm
Batting: SHB Juan Fuentes 0-0: Ball
1-0: Called Strike
1-1: Called Strike
1-2: Ball
2-2: SINGLE (Groundball, 6MD, EV 94.4 MPH)
Batting: RHB Andy Gray 0-0: Foul Ball, location: 2F
0-1: Grounds into double play, 6-4-3 (Groundball, 6M, EV 78.8 MPH)
Batting: RHB Kel Goacher 0-0: Called Strike
0-1: Ball
1-1: Called Strike
1-2: Ball
2-2: Foul Ball, location: 25F
2-2: Strikes out looking
Bottom of the 2nd over - 0 runs, 1 hit, 0 errors, 0 left on base; Fort Wayne 0 - Lansing 0
TOP OF THE 3RD
Fort Wayne TinCaps batting - Pitching for Lansing Lugnuts : RHP Jonathan McNeal
Batting: RHB Víctor Árias 0-0: Foul Ball, location: 9LDF
0-1: Ball
1-1: Foul Ball, location: 2F
1-2: Ball
2-2: Fly out, F9 (Flyball, 9LDF, EV 103.1 MPH)
Batting: RHB Sergio Bautista 0-0: Ground out 5-3 (Groundball, 56S, EV 85.6 MPH)
Batting: SHB Max Bowers 0-0: DOUBLE (Flyball, 78XD, EV 105.6 MPH)
Batting: RHB Renaud Cotichini 0-0: Ball
1-0: Ball
2-0: Ball
3-0: Base on Balls
Batting: RHB Anastasio Zambrano 0-0: Fly out, F7 (Flyball, 7LD, EV 106.9 MPH)
Top of the 3rd over - 0 runs, 1 hit, 0 errors, 2 left on base; Fort Wayne 0 - Lansing 0
BOTTOM OF THE 3RD
Lansing Lugnuts batting - Pitching for Fort Wayne TinCaps : RHP Bob Wilhelm
Batting: RHB Jonathon Spencer 0-0: Ball
1-0: Ball
2-0: Ball
3-0: Called Strike
3-1: Swinging Strike
3-2: Strikes out swinging
Batting: LHB Jonathan McNeal 0-0: Called Strike
0-1: Ball
1-1: Ball
2-1: Called Strike
2-2: Fly out, F8 (Flyball, 78M, EV 92.5 MPH)
Batting: RHB Danny Dundee 0-0: Ball
1-0: Called Strike
1-1: Ball
2-1: Ball
3-1: Base on Balls
Batting: LHB Al Lee 0-0: 2-RUN HOME RUN (Flyball, 7D, EV 96.9 MPH), Distance : 356 ft
Batting: RHB Ian Campbell 0-0: Fly out, F7 (Flyball, 7, EV 91.3 MPH)
Bottom of the 3rd over - 2 runs, 1 hit, 0 errors, 0 left on base; Fort Wayne 0 - Lansing 2
TOP OF THE 4TH
Fort Wayne TinCaps batting - Pitching for Lansing Lugnuts : RHP Jonathan McNeal
Batting: RHB Rod Roberts 0-0: Ground out 6-3 (Groundball, 6, EV 90.0 MPH)
Batting: RHB Tomás Aguilar 0-0: Called Strike
0-1: Ball
1-1: Ball
2-1: Ball
3-1: Fly out, F7 (Line Drive, 7D, EV 98.8 MPH)
Batting: RHB Joe King 0-0: Called Strike
0-1: Ball
1-1: Ball
2-1: Fly out, F8 (Flyball, 8LM, EV 87.5 MPH)
Top of the 4th over - 0 runs, 0 hits, 0 errors, 0 left on base; Fort Wayne 0 - Lansing 2
BOTTOM OF THE 4TH
Lansing Lugnuts batting - Pitching for Fort Wayne TinCaps : RHP Bob Wilhelm
Batting: RHB Bob Hines 0-0: Fly out, F8 (Line Drive, 8LM, EV 89.4 MPH)
Batting: SHB Juan Fuentes 0-0: Ball
1-0: Called Strike
1-1: Foul Ball, location: 9LMF
1-2: Ball
2-2: Ball
3-2: Foul Ball, location: 3SF
3-2: Base on Balls
Batting: RHB Andy Gray 0-0: Foul Ball, location: 2F
0-1: Ball
1-1: Ball
2-1: Foul Ball, location: 9LSF
2-2: Ball
3-2: Strikes out swinging
Batting: RHB Kel Goacher 0-0: Ball
1-0: Foul Ball, location: 3DF
1-1: Ball
2-1: Ball
3-1: Base on Balls
Juan Fuentes to second
Batting: RHB Jonathon Spencer 0-0: Called Strike
0-1: Ball
1-1: Ball
2-1: Swinging Strike
2-2: Ball
3-2: Strikes out swinging
Bottom of the 4th over - 0 runs, 0 hits, 0 errors, 2 left on base; Fort Wayne 0 - Lansing 2
TOP OF THE 5TH
Fort Wayne TinCaps batting - Pitching for Lansing Lugnuts : RHP Jonathan McNeal
Batting: LHB Charlie Fritz 0-0: Ball
1-0: Ball
2-0: Called Strike
2-1: Fly out, F9 (Flyball, 89M, EV 75.6 MPH)
Batting: RHB Víctor Árias 0-0: Foul Ball, location: 3F
0-1: Ground out 6-3 (Groundball, 56, EV 82.5 MPH)
Batting: RHB Sergio Bautista 0-0: Called Strike
0-1: Ball
1-1: Ball
2-1: Ground out 6-3 (Groundball, 6, EV 106.3 MPH)
Top of the 5th over - 0 runs, 0 hits, 0 errors, 0 left on base; Fort Wayne 0 - Lansing 2
BOTTOM OF THE 5TH
Lansing Lugnuts batting - Pitching for Fort Wayne TinCaps : RHP Bob Wilhelm
Batting: LHB Jonathan McNeal 0-0: Fly out, F8 (Flyball, 8RD, EV 105.6 MPH)
Batting: RHB Danny Dundee 0-0: Ball
1-0: Called Strike
1-1: Ball
2-1: Ball
3-1: Called Strike
3-2: Foul Ball, location: 25F
3-2: Fly out, F7 (Flyball, 7LM, EV 82.5 MPH)
Batting: LHB Al Lee 0-0: Called Strike
0-1: Swinging Strike
0-2: Foul Ball, location: 25F
0-2: Ball
1-2: Ground out 4-3 (Groundball, 4, EV 88.1 MPH)
Bottom of the 5th over - 0 runs, 0 hits, 0 errors, 0 left on base; Fort Wayne 0 - Lansing 2
TOP OF THE 6TH
Fort Wayne TinCaps batting - Pitching for Lansing Lugnuts : RHP Jonathan McNeal
Batting: SHB Max Bowers 0-0: Ball
1-0: Ball
2-0: DOUBLE (Line Drive, 7LM, EV 109.4 MPH)
Batting: RHB Renaud Cotichini 0-0: Ball
1-0: Ball
2-0: SINGLE (Line Drive, 89S, EV 92.5 MPH)
Max Bowers to third
Batting: RHB Anastasio Zambrano 0-0: Ball
1-0: Ball
2-0: Called Strike
2-1: Swinging Strike
2-2: Ball
3-2: Foul Ball, location: 2F
3-2: Strikes out swinging
Batting: RHB Rod Roberts 0-0: Ball
Renaud Cotichini steals 2nd base
1-0: Ball
2-0: Fielders Choice attempt at home, Runner SAFE. 5-2 (Groundball, 56S, EV 87.5 MPH)
Renaud Cotichini to third
Batting: RHB Tomás Aguilar 0-0: Ball
1-0: Ball
2-0: Ball
3-0: Called Strike
3-1: Base on Balls
Rod Roberts to second
Batting: RHB Joe King 0-0: Ball
1-0: Called Strike
1-1: Ball
2-1: Ball
3-1: Swinging Strike
3-2: Foul Ball, location: 3SF
3-2: Base on Balls
Renaud Cotichini scores
Rod Roberts to third
Tomás Aguilar to second
Batting: LHB Charlie Fritz 0-0: Called Strike
0-1: Called Strike
0-2: Ball
1-2: Ball
2-2: Foul Ball, location: 7LSF
2-2: Strikes out swinging
Batting: RHB Víctor Árias 0-0: Ball
1-0: Ball
2-0: Ball
3-0: Called Strike
3-1: Swinging Strike
3-2: Strikes out swinging
Top of the 6th over - 2 runs, 2 hits, 0 errors, 3 left on base; Fort Wayne 2 - Lansing 2
BOTTOM OF THE 6TH
Lansing Lugnuts batting - Pitching for Fort Wayne TinCaps : RHP Bob Wilhelm
Pitching: RHP Yoshitaka Kishita
Pinch Hitting: LHB Jeff Faulkner 0-0: Called Strike
0-1: Swinging Strike
0-2: Foul Ball, location: 2F
0-2: Strikes out looking
Batting: RHB Bob Hines 0-0: Foul Ball, location: 2F
0-1: Foul Ball, location: 2F
0-2: Strikes out swinging
Batting: SHB Juan Fuentes 0-0: Foul Ball, location: 5SF
0-1: Ball
1-1: Ball
2-1: DOUBLE (Line Drive, 78D, EV 105.0 MPH)
Batting: RHB Andy Gray 0-0: Ball
1-0: Ground out 6-3 (Groundball, 56, EV 85.0 MPH)
Bottom of the 6th over - 0 runs, 1 hit, 0 errors, 1 left on base; Fort Wayne 2 - Lansing 2
TOP OF THE 7TH
Fort Wayne TinCaps batting - Pitching for Lansing Lugnuts : RHP Jonathan McNeal
Pitching: LHP Héctor Trillo
Now at 1B: Jeff Faulkner
Now at 3B: Jonathon Spencer
Batting: RHB Sergio Bautista 0-0: Called Strike
0-1: Called Strike
0-2: Foul Ball, location: 2F
0-2: Foul Ball, location: 5DF
0-2: Strikes out swinging
Batting: SHB Max Bowers 0-0: Ball
1-0: Fly out, F8 (Flyball, 8LD, EV 107.5 MPH)
Batting: RHB Renaud Cotichini 0-0: Fly out, F4 (Popup, 3S, EV 74.4 MPH)
Top of the 7th over - 0 runs, 0 hits, 0 errors, 0 left on base; Fort Wayne 2 - Lansing 2
BOTTOM OF THE 7TH
Lansing Lugnuts batting - Pitching for Fort Wayne TinCaps : RHP Yoshitaka Kishita
Batting: RHB Kel Goacher 0-0: Foul Ball, location: 2F
0-1: Foul Ball, location: 9LSF
0-2: Foul Ball, location: 9LDF
0-2: DOUBLE (Flyball, 89D, EV 93.8 MPH)
Batting: RHB Jonathon Spencer 0-0: Called Strike
0-1: Fly out, F3 (Popup, 3SF, EV 74.4 MPH)
Batting: LHB Jonathan McNeal 0-0: Intentional Walk
Pinch Hitting: LHB Eric Moon 0-0: Ball
1-0: Foul Ball, location: 5DF
1-1: Ball
2-1: Fly out, F8 (Flyball, 8RM, EV 85.6 MPH)
Batting: LHB Al Lee 0-0: Ball
1-0: Ball
2-0: Fly out, F9 (Line Drive, 9S, EV 93.8 MPH)
Bottom of the 7th over - 0 runs, 1 hit, 0 errors, 2 left on base; Fort Wayne 2 - Lansing 2
TOP OF THE 8TH
Fort Wayne TinCaps batting - Pitching for Lansing Lugnuts : LHP Héctor Trillo
Now at SS: Eric Moon
Pinch Hitting: RHB Tim Snyder 0-0: Called Strike
0-1: Ball
1-1: Ball
2-1: Ball
3-1: Foul Ball, location: 2F
3-2: Fly out, F9 (Flyball, 89D, EV 95.6 MPH)
Batting: RHB Rod Roberts 0-0: Swinging Strike
0-1: Swinging Strike
0-2: Ball
1-2: Foul Ball, location: 5F
1-2: Ball
2-2: Fly out, F7 (Flyball, 7, EV 93.1 MPH)
Batting: RHB Tomás Aguilar 0-0: SINGLE (Line Drive, 56, EV 103.1 MPH)
Batting: RHB Joe King 0-0: Ball
1-0: Called Strike
1-1: Ball
2-1: Foul Ball, location: 2F
2-2: Strikes out swinging
Top of the 8th over - 0 runs, 1 hit, 0 errors, 1 left on base; Fort Wayne 2 - Lansing 2
BOTTOM OF THE 8TH
Lansing Lugnuts batting - Pitching for Fort Wayne TinCaps : RHP Yoshitaka Kishita
Now in RF: Joe McCord
Batting: LHB Jeff Faulkner 0-0: Called Strike
0-1: Ball
1-1: Ball
2-1: Ball
3-1: Fly out, F8 (Flyball, 8RD, EV 108.8 MPH)
Pinch Hitting: LHB Stu Caldwell 0-0: Ground out 4-3 (Groundball, 4, EV 93.8 MPH)
Batting: SHB Juan Fuentes 0-0: Ball
1-0: Ball
2-0: Ball
3-0: Called Strike
3-1: Fly out, F2 (Popup, 2RF, EV 88.1 MPH)
Bottom of the 8th over - 0 runs, 0 hits, 0 errors, 0 left on base; Fort Wayne 2 - Lansing 2
TOP OF THE 9TH
Fort Wayne TinCaps batting - Pitching for Lansing Lugnuts : LHP Héctor Trillo
Now in RF: Juan Gonzáles
Pinch Hitting: RHB Raúl García 0-0: Called Strike
0-1: Ball
1-1: Swinging Strike
1-2: Foul Ball, location: 2F
1-2: Ball
2-2: Foul Ball, location: 3F
2-2: Ball
3-2: Base on Balls
Pinch Hitting: RHB Mike Picot 0-0: Fielders Choice at 2nd, 3-6 (Groundball, 3, EV 85.0 MPH)
Batting: RHB Sergio Bautista 0-0: Called Strike
Mike Picot is caught stealing 2nd base 2-4
0-1: Ball
1-1: Ball
2-1: Foul Ball, location: 3F
2-2: Foul Ball, location: 2F
2-2: Ball
3-2: Base on Balls
Batting: SHB Max Bowers 0-0: Foul Ball, location: 2F
0-1: Ball
1-1: Foul Ball, location: 23F
1-2: Strikes out swinging
Top of the 9th over - 0 runs, 0 hits, 0 errors, 1 left on base; Fort Wayne 2 - Lansing 2
BOTTOM OF THE 9TH
Lansing Lugnuts batting - Pitching for Fort Wayne TinCaps : RHP Yoshitaka Kishita
Now at C: Chris Patterson
Now at 2B: Mike Picot
Pinch Hitting: SHB Jim Williams 0-0: Ball
1-0: Foul Ball, location: 2F
1-1: Ball
2-1: Foul Ball, location: 2F
2-2: Foul Ball, location: 2F
2-2: Ground out U3 (Groundball, 3, EV 81.3 MPH)
Pinch Hitting: LHB Arturo Souza 0-0: Foul Ball, location: 3DF
0-1: Foul Ball, location: 23FF
0-2: Ball
1-2: Ball
2-2: Foul Ball, location: 7LSF
2-2: Foul Ball, location: 2F
2-2: Fly out, F6 (Popup, P, EV 78.8 MPH)
Pinch Hitting: RHB Chris Allen 0-0: Swinging Strike
0-1: Called Strike
0-2: Ball
1-2: Ball
2-2: Foul Ball, location: 2F
2-2: Foul Ball, location: 2F
2-2: DOUBLE (Groundball, 5L, EV 103.1 MPH)
Pitching: LHP A.C. Wagner
Batting: RHB Dan Wilhelm 0-0: Called Strike
0-1: Ball
1-1: Called Strike
1-2: Foul Ball, location: 2F
1-2: Foul Ball, location: 9LSF
1-2: Ball
2-2: Strikes out swinging
Bottom of the 9th over - 0 runs, 1 hit, 0 errors, 1 left on base; Fort Wayne 2 - Lansing 2
TOP OF THE 10TH
Fort Wayne TinCaps batting - Pitching for Lansing Lugnuts : LHP Héctor Trillo
Pitching: LHP Joe Snyder
Now at C: Arturo Souza
Now at 2B: Al Lee
Now at 3B: Duane Hammers
Now in LF: Jim Williams
Batting: RHB Renaud Cotichini 0-0: Ball
1-0: Ball
2-0: Fly out, F9 (Flyball, 89S, EV 78.8 MPH)
Pinch Hitting: SHB Bob Weaver 0-0: Ball
1-0: Fly out, F9 (Flyball, 9LD, EV 110.0 MPH)
Batting: RHB Rod Roberts 0-0: Ball
1-0: Ball
2-0: Foul Ball, location: 2F
2-1: Foul Ball, location: 2F
2-2: Foul Ball, location: 5DF
2-2: Foul Ball, location: 2F
2-2: Ball
3-2: Strikes out swinging
Top of the 10th over - 0 runs, 0 hits, 0 errors, 0 left on base; Fort Wayne 2 - Lansing 2
BOTTOM OF THE 10TH
Lansing Lugnuts batting - Pitching for Fort Wayne TinCaps : LHP A.C. Wagner
Pitching: LHP Jimmy Jefferson
Now at 3B: Bob Weaver
Now in RF: Rod Roberts
Pinch Hitting: RHB Phil Adams 0-0: Called Strike
0-1: Called Strike
0-2: Strikes out looking
Batting: LHB Al Lee 0-0: Foul Ball, location: 2F
0-1: Ground out 5-3 (Groundball, 56S, EV 64.4 MPH)
Pinch Hitting: RHB José Oliveira 0-0: Swinging Strike
0-1: Ball
1-1: Ball
2-1: Ball
3-1: Foul Ball, location: 2F
3-2: Foul Ball, location: 2F
3-2: Base on Balls
Batting: SHB Juan Gonzáles 0-0: Called Strike
José Oliveira steals 2nd base (no throw)
0-1: Ball
1-1: Ball
2-1: Foul Ball, location: 9LDF
2-2: DOUBLE (Line Drive, 7LD, EV 110.0 MPH)
José Oliveira scores
Bottom of the 10th over - 1 run, 1 hit, 0 errors, 1 left on base; Fort Wayne 2 - Lansing 3
Monday, May 6th , 2024 - OOTP Baseball 24.10 Build 82